 Dungeon Crawl Stone Soup version 0.28-a0-850-g09de17f5b5 (webtiles) character file.

Game seed: 13986796783143392963

8850 Crownlay the Cleaver (level 11, -2/102 HPs)
             Began as a Hill Orc Fighter on Nov 13, 2021.
             Was an Elder of Okawaru.
             Slain by a water elemental (13 damage)
             ... on level 10 of the Dungeon.
             The game lasted 00:17:05 (15304 turns).

Crownlay the Cleaver (Hill Orc Fighter)            Turns: 15304, Time: 00:17:06

Health: -2/102     AC: 11    Str: 23    XL:     11   Next: 37%
Magic:  18/18      EV: 11    Int:  8    God:    Okawaru [****..]
Gold:   406        SH:  6    Dex: 10    Spells: 10/10 levels left

rFire   . . .      SeeInvis +   a - +0 war axe
rCold   . . .      Faith    .   c - +0 buckler
rNeg    . . .      Spirit   .   b - +0 scale mail
rPois   .          Reflect  .   (no helmet)
rElec   .          Harm     .   (no cloak)
rCorr   .          Rampage  .   (no gloves)
Will    ++...                   G - +2 pair of boots "Lutey" {Will+}
Stlth   +.........              (no amulet)
HPRegen 0.27/turn               h - ring of see invisible
MPRegen 0.16/turn               Q - ring of willpower

@: mighty, heroic, engulfed (cannot breathe)
A: no striking features
a: Renounce Religion, Heroism, Finesse


You were on level 10 of the Dungeon.
You worshipped Okawaru.
Okawaru was greatly pleased with you.
You visited 2 branches of the dungeon, and saw 11 of its levels.
You also visited: Sewer.

You collected 444 gold pieces.
You spent 38 gold pieces at shops.

Inventory:

Hand Weapons
 a - a +0 war axe (weapon)
Missiles
 B - 10 boomerangs
 C - 26 poisoned darts (quivered)
 O - 6 silver javelins
 P - 3 silver boomerangs
 R - 6 boomerangs of dispersal
Armour
 b - a +0 scale mail (worn)
 c - a +0 buckler (worn)
 G - the +2 pair of boots "Lutey" (worn) {Will+}
   (You found it on level 6 of the Dungeon)

   Will:      It increases your willpower.
 N - a +0 kite shield
Jewellery
 h - a ring of see invisible (left hand)
 t - a ring of ice
 A - a ring of fire
 Q - a ring of willpower (right hand)
Wands
 x - a wand of digging (4)
 y - a wand of acid (5)
 H - a wand of flame (16)
 L - a wand of iceblast (16)
 M - a wand of paralysis (19)
 S - a wand of polymorph (7)
Scrolls
 e - a scroll of identify
 g - 5 scrolls of teleportation
 i - 2 scrolls of torment
 j - 2 scrolls of blinking
 k - a scroll of acquirement {unknown}
 m - 2 scrolls of magic mapping
 o - 3 scrolls of vulnerability
 p - a scroll of amnesia {unknown}
 q - 3 scrolls of enchant weapon
 r - a scroll of fear {unknown}
 F - 3 scrolls of enchant armour
Potions
 d - a potion of curing
 f - 3 potions of flight
 l - 3 potions of invisibility {unknown}
 n - a potion of cancellation {unknown}
 s - a potion of resistance {unknown}
 v - 4 potions of haste
 w - a potion of degeneration {unknown}
 z - a potion of magic {unknown}
 E - a potion of mutation {unknown}
 I - 3 potions of lignification
 J - 3 potions of ambrosia
Miscellaneous
 T - a phial of floods


   Skills:
 + Level 11.3(16.3) Fighting
 - Level 14.0(19.0) Axes
 * Level 5.7(10.7) Throwing
 - Level 3.2(8.2) Armour
 + Level 4.8(9.8) Shields
 - Level 10.0 Invocations


You had 10 spell levels left.
You didn't know any spells.
Your spell library contained the following spells:

 Spells                   Type           Power      Damage    Failure   Level
 Airstrike                Air            0%         N/A       100%        4
 Lightning Bolt           Conj/Air       0%         1d11      100%        5
 Summon Lightning Spire   Summ/Air       Unusable   N/A       N/A         4

Dungeon Overview and Level Annotations

Branches:
Dungeon (10/15)            Temple (1/1) D:4            Lair (0/6) D:10
  Sewer (visited)
    Orc: D:9-12

Altars:
Ashenzari
Elyvilon
Fedhas
Hepliaklqana
Kikubaaqudgha
Nemelex Xobeh
Okawaru
Qazlal
Ru
Sif Muna
Wu Jian
Xom
Zin

Shops:
D:1 **=([   D:4 =   D:7 !


Message History

The water elemental is heavily damaged.
* * * LOW HITPOINT WARNING * * *
Your lungs strain for air!
You slice the water elemental!!
The water elemental is almost destroyed.
* * * LOW HITPOINT WARNING * * *
Your lungs strain for air!
The water elemental hits you.
You cannot read scrolls while unable to breathe!
Unknown command.
You cannot read scrolls while unable to breathe!
Unknown command.
You feel much better.
Your lungs strain for air!
The water elemental hits you.
You feel very mighty all of a sudden.
Your lungs strain for air!
The water elemental hits you!
* * * LOW HITPOINT WARNING * * *
You slash the water elemental!
You destroy the water elemental!
Okawaru accepts your kill.
You gasp with relief as air once again reaches your lungs.
You slice the water elemental!!
You destroy the water elemental!
Okawaru accepts your kill.
You hit the water elemental.
The water elemental is lightly damaged.
The water elemental hits you.
The water elemental engulfs you in water!
You barely miss the water elemental.
The water elemental is lightly damaged.
* * * LOW HITPOINT WARNING * * *
Your lungs strain for air!
You barely miss the water elemental.
The water elemental is lightly damaged.
* * * LOW HITPOINT WARNING * * *
Your lungs strain for air!
The water elemental hits you!
You die...

###..# #........###≈.≈#######
#...## ##########..≈≈≈≈≈ #.###
#######†...≈≈≈≈ ..#
#.........†≈≈≈≈ ###
####.........†≈≈≈≈ ###
####......E.E....≈≈≈≈ ### ..#
#........####....≈≈≈≈ #.#
..###.##.......###..≈≈≈≈≈##.# #
..##..##......EE@###.≈≈###..#####
..#..###.......### ####....'....
..#.## #.......# #.....#####
..'.# #.......# #.....# ..###
#.......# ####### ..# #########
###


You could see 2 water elementals.

Vanquished Creatures
  A centaur warrior (D:9)
  A two-headed ogre (D:10)
  Pikel (D:8)
  An ugly thing (D:9)
  A hornet (D:10)
  2 trolls
  2 water elementals (D:10)
  Sigmund (D:5)
  A shadow (D:6)
  The ghost of sn0wgr3 the Covered, an amateur DDFi (D:4)
  A wraith (D:10)
  3 yaks (D:10)
  A steam dragon (D:9)
  Grum (D:9)
  A water moccasin (D:7)
  5 orc warriors
  2 sky beasts
  2 black bears
  2 ice beasts (D:4)
  A necrophage (D:4)
  4 wolves (D:9)
  3 centaurs
  An ogre (D:4)
  A bullfrog (D:9)
  3 kobold brigands
  A gnoll sergeant (D:7)
  5 scorpions
  15 killer bees
  2 electric eels (D:7)
  A howler monkey (D:7)
  2 hounds
  A centaur skeleton (D:6)
  3 centaur zombies
  2 gnoll shamans
  2 orc priests
  Ijyb (D:4)
  An iguana (D:4)
  9 orc wizards
  2 killer bee zombies
  A hound zombie (D:5)
  A hound skeleton (D:4)
  A scorpion simulacrum (D:4)
  17 gnolls
  A howler monkey skeleton (D:4)
  6 adders
  4 river rats
  4 shadow imps
  A white imp (D:5)
  An adder skeleton (D:4)
  2 worms
  2 dart slugs
  4 adder simulacra (D:4)
  30 orcs
  8 ball pythons
  8 bats
  4 endoplasms
  6 giant cockroaches
  14 goblins
  5 hobgoblins
  9 jackals
  2 quokkas
  3 frilled lizards
  19 kobolds
  8 rats
  A spectral hobgoblin (D:6)
252 creatures vanquished.

Vanquished Creatures (others)
  A white imp (D:4)
  2 plants (D:1)
3 creatures vanquished.

Grand Total: 255 creatures vanquished

Notes
Turn   | Place    | Note
-------+----------+-------------------------------------------
     0 | D:1      | Crownlay the Hill Orc Fighter began the quest for the Orb.
     0 | D:1      | Reached XP level 1. HP: 19/19 MP: 1/1
    59 | D:1      | Reached skill level 3 in Axes
    60 | D:1      | Found Firolal's Jewellery Shoppe.
    96 | D:1      | Found Wifor's Weapon Shoppe.
   118 | D:1      | Reached XP level 2. HP: 14/26 MP: 2/2
   354 | D:1      | Found Owoedd's Assorted Antiques.
   575 | D:1      | Found Ideot's Armour Emporium.
   616 | D:1      | Reached skill level 4 in Axes
   732 | D:1      | Found Curphu Ledd's Assorted Antiques.
   739 | D:1      | Bought a scroll labelled YGIGONYMAT for 19 gold pieces
   739 | D:1      | Bought a scroll labelled KAGIDGH YPUEPIU for 19 gold pieces
  1093 | D:2      | Reached XP level 3. HP: 30/31 MP: 3/3
  1187 | D:2      | Reached skill level 5 in Axes
  1187 | D:2      | Reached XP level 4. HP: 30/39 MP: 4/4
  1265 | D:2      | Found a faded altar of an unknown god.
  1644 | D:3      | Noticed a sky beast
  1656 | D:3      | Killed a sky beast
  1657 | D:3      | Reached skill level 6 in Axes
  1657 | D:3      | Reached XP level 5. HP: 27/45 MP: 5/5
  1660 | D:3      | Reached skill level 7 in Axes
  1939 | D:3      | HP: 2/45 [orc priest (3)]
  1942 | D:3      | Reached XP level 6. HP: 10/51 MP: 6/6
  2594 | D:4      | Reached skill level 8 in Axes
  2824 | D:4      | Noticed an ice beast
  2835 | D:4      | Killed an ice beast
  2928 | D:4      | Reached skill level 9 in Axes
  3074 | D:4      | Noticed a necrophage
  3080 | D:4      | Killed a necrophage
  3081 | D:4      | Reached XP level 7. HP: 53/57 MP: 7/7
  3108 | D:4      | Found a staircase to the Ecumenical Temple.
  3127 | Temple   | Entered the Ecumenical Temple
  3171 | Temple   | Became a worshipper of Warmaster Okawaru
  3372 | D:4      | Found a runed translucent gate.
  3372 | D:4      | Found a runed translucent gate.
  3375 | D:4      | Found a runed translucent gate.
  3397 | D:4      | Found Labbe's Jewellery Shop.
  3425 | D:4      | Reached skill level 10 in Axes
  3425 | D:4      | Reached skill level 1 in Invocations
  3458 | D:4      | Found a sparkling altar of Nemelex Xobeh.
  3947 | D:4      | Noticed Ijyb
  3962 | D:4      | Killed Ijyb
  4045 | D:4      | Noticed sn0wgr3's ghost (amateur DDFi)
  4481 | D:4      | Reached XP level 8. HP: 58/64 MP: 10/10
  4526 | D:4      | Reached skill level 11 in Axes
  4539 | D:4      | Killed sn0wgr3's ghost
  4539 | D:4      | Reached * piety under Okawaru
  4874 | D:5      | Entered Level 5 of the Dungeon
  4979 | D:5      | Found a glowing drain.
  4998 | Sewer    | Entered a sewer
  5323 | Sewer    | Reached skill level 12 in Axes
  5418 | Sewer    | Found a white marble altar of Elyvilon.
  5645 | D:5      | Reached skill level 5 in Invocations
  5681 | D:5      | Found a shimmering blue altar of Sif Muna.
  5706 | D:5      | Found a stormy altar of Qazlal.
  5990 | D:5      | Noticed Sigmund
  5999 | D:5      | Killed Sigmund
  6150 | D:5      | Found a shimmering altar of Xom.
  6335 | D:5      | Reached skill level 13 in Axes
  6335 | D:5      | Reached XP level 9. HP: 44/70 MP: 13/13
  6761 | D:6      | Reached ** piety under Okawaru
  7305 | D:6      | Reached skill level 14 in Axes
  7309 | D:6      | Identified the +2 pair of boots "Lutey" {Will+}
  7747 | D:6      | Found a hazy altar of Hepliaklqana.
  8475 | D:7      | Found an ornate altar of the Wu Jian Council.
  8566 | D:7      | Reached skill level 5 in Fighting
  8608 | D:7      | Found Pusch's Distillery.
  8723 | D:7      | Found a white marble altar of Elyvilon.
  8793 | D:7      | Found a blossoming altar of Fedhas.
  9283 | D:8      | Reached XP level 10. HP: 57/81 MP: 17/17
  9452 | D:8      | Found a broken altar of Ashenzari.
  9812 | D:8      | Noticed Pikel
  9828 | D:8      | Killed Pikel
  9828 | D:8      | Reached *** piety under Okawaru
  9829 | D:8      | Reached skill level 10 in Invocations
 10959 | D:9      | Received a gift from Okawaru
 11084 | D:9      | Noticed a cyan ugly thing
 11107 | D:9      | Killed a cyan ugly thing
 11108 | D:9      | Reached skill level 1 in Throwing
 11443 | D:9      | Noticed a centaur warrior
 11458 | D:9      | HP: 1/88 [centaur warrior (4)]
 11459 | D:9      | Killed a centaur warrior
 11459 | D:9      | Received a gift from Okawaru
 12226 | D:9      | Reached **** piety under Okawaru
 12778 | D:9      | Reached skill level 5 in Throwing
 13006 | D:9      | Noticed Grum
 13399 | D:9      | Reached XP level 11. HP: 97/99 MP: 15/18
 13403 | D:9      | Received a gift from Okawaru
 13412 | D:9      | Killed Grum
 13413 | D:9      | Reached skill level 10 in Fighting
 13835 | D:10     | Entered Level 10 of the Dungeon
 14365 | D:10     | Noticed a two-headed ogre
 14376 | D:10     | Killed a two-headed ogre
 14376 | D:10     | Received a gift from Okawaru
 14660 | D:10     | Found a staircase to the Lair.
 14760 | D:10     | Found a glowing silver altar of Zin.
 14891 | D:10     | Paralysed by a hornet for 2 turns
 14892 | D:10     | HP: 4/102 [hornet (6)]
 14897 | D:10     | HP: 4/102 [poisoned by a hornet]
 15304 | D:10     | Slain by a water elemental

Illustrated notes

Levels and vault maps discovered:
D:1:      minmay_arrival_four_loops, layout_loops_cross, serial_shops,
          nicolae_diamond_shop, shop, nicolae_square_shop, shop,
          nicolae_shop_behind_doors, serial_bayou_pond_b, serial_park_tiny_1,
          minmay_misc_feat_rugged
D:2:      layout_basic, basic_ecumenical_altar, chequers_serial_rivers_small_b
D:3:      layout_loops_cross, grunt_ministairs_10, minmay_starry_boxes
D:4:      kennysheep_goblin_castle, layout_loops_corners,
          overflow_temple_1_default, minmay_temple_entry_tees, serial_shops,
          shop, gammafunk_ghost_icy
D:5:      layout_loops_corners, nicolae_sif_muna_condensation,
          mainiacjoe_overflow_surrounded_room, kennysheep_little_box,
          portal_sewer_entry_a, uniq_sigmund
D:6:      layout_cave_pools, nicolae_hepliaklqana_monster_ancestors,
          hellmonk_bongcloud_opening
D:7:      layout_rooms, pf_just_have_faith, overflow_temple_1_default,
          nzn_wu_jian_contemplation, serial_shops, nicolae_inconvenience_store,
          eino_small_chamber_without_monster, minmay_misc_feat_diagonals,
          hex_medium, roderic_roman_lattice, grunt_ministairs_3
D:8:      layout_basic, mainiacjoe_overflow_24_doors, serial_aquarium,
          aquarium_bridge_straight [aquarium_subvault_bridge,
          aquarium_subvault_window, aquarium_subvault_bridge,
          aquarium_subvault_window], aquarium_bridge_square
          [aquarium_subvault_wall, aquarium_subvault_window,
          aquarium_subvault_wall, aquarium_subvault_bridge], aquarium_window_1,
          aquarium_window_2, aquarium_view_2b, uniq_pikel
D:9:      layout_gridville, uniq_grum
D:10:     layout_roguey, zin_statuary, lair_entry_dummy,
          nicolae_underground_beach
Temple:   minmay_temple_forest_path

Skill      XL: |  1  2  3  4  5  6  7  8  9 10 11 |
---------------+----------------------------------+-----
Axes           | 3 4 5 6 7 9 10 13 14 | 14.0
Shields        | 4 |  4.8
Invocations    | 2 5 9 10 | 10.0
Fighting       | 5 9 11 | 11.3
Throwing       | 5 |  5.7
Armour         | |  3.2

Action                   |  1- 3 |  4- 6 |  7- 9 | 10-12 || total
-------------------------+-------+-------+-------+-------++-------
Melee: War axe           |    59 |   109 |   442 |   253 ||   863
Throw: Throwing net      |       |     2 |       |     3 ||     5
       Dart              |       |       |     5 |    30 ||    35
       Boomerang         |       |       |       |     1 ||     1
Invok: Heroism           |       |       |     1 |     6 ||     7
Evoke: Wand              |       |       |     3 |     7 ||    10
  Use: Scroll            |     1 |     2 |     7 |     4 ||    14
       Potion            |       |     2 |     3 |     5 ||    10
 Stab: Held in net/web   |       |     1 |       |     1 ||     2
Armor: Scale mail        |    23 |    36 |   117 |    94 ||   270
Dodge: Dodged            |    26 |    49 |   158 |   103 ||   336
Block: Buckler           |    11 |    39 |    91 |    62 ||   203

Table legend: (Time is in decaauts)
 A = Elapsed time spent in this place.
 B = Non-inter-level travel time spent in this place.
 C = Inter-level travel time spent in this place.
 D = Time resting spent in this place.
 E = Time spent auto-exploring this place.
 F = Levels seen in this place.
 G = Mean time per level.
                   A        B        C        D        E       F      G
               +--------+--------+--------+--------+--------+-----+--------+
         Total |  15260 |  14981 |    279 |   1911 |  11203 |  12 | 1271.7 |
       Dungeon |  14671 |  14429 |    242 |   1911 |  10768 |  10 | 1467.1 |
        Temple |     81 |     44 |     37 |      0 |     33 |   1 |   81.0 |
         Sewer |    507 |    507 |      0 |      0 |    402 |   1 |  507.0 |
               +--------+--------+--------+--------+--------+-----+--------+

Top non-repeatable levels by time:
     D:9: 2857 daAuts
     D:4: 2210 daAuts
     D:8: 1663 daAuts
     D:7: 1462 daAuts
    D:10: 1456 daAuts
     D:6: 1258 daAuts
     D:5: 1145 daAuts
     D:3: 1128 daAuts
     D:1: 1029 daAuts
   Sewer: 507 daAuts
     D:2: 458 daAuts
  Temple: 81 daAuts
